 Dungeon Crawl Stone Soup version 0.24-a0-592-g9a1d66b0e3 (webtiles) character file.

Game seed: 2842408923617448047, levelgen mode: deterministic

87780 Htamos the Fighter (level 15, -2/202 HPs)
             Began as a Centaur Conjurer on Sept 9, 2019.
             Was a High Priest of Sif Muna.
             Slain by an anaconda (3 damage)
             ... on level 4 of the Lair of Beasts.
             The game lasted 03:17:32 (42730 turns).

Htamos the Fighter (Centaur Conjurer)              Turns: 42730, Time: 03:17:32

Health: -2/202     AC: 27    Str: 14    XL:     15   Next: 44%
Magic:  0/25       EV: -2    Int: 24    God:    Sif Muna [*****.]
Gold:   1289       SH:  9    Dex: 12    Spells: 8/28 levels left

rFire    . . .     SeeInvis +   b - +5 whip (pain)
rCold    . . .     Gourm    .   Q - +0 shield
rNeg     + + +     Faith    .   (armour currently unavailable)
rPois    +         Spirit   +   (helmet currently unavailable)
rElec    .         Reflect  .   (cloak currently unavailable)
rCorr    .         Harm     .   (gloves currently unavailable)
MR       +....     NoTele   +   (no barding)
Stlth    +++.......             s - amulet "Rivir" {Spirit Str+4 Stlth+}
HPRegen  1.43/turn              v - +4 ring of evasion
MPRegen  0.19/turn              Z - ring "Kyrior" {Wiz +Blink Int+3 Slay+2}

@: tree-form, regenerating, constricted
A: large, see invisible, clever 1
a: Channel Magic, Forget Spell, Divine Exegesis, Renounce Religion, Evoke Blink


You were on level 4 of the Lair of Beasts.
You worshipped Sif Muna.
Sif Muna was extremely pleased with you.
You were not hungry.
You were a tree.
You visited 6 branches of the dungeon, and saw 24 of its levels.
You also visited: Gauntlet and Ice Cave.

You collected 2473 gold pieces.
You spent 1184 gold pieces at shops.

Inventory:

Hand Weapons
 a - a +6 flail of holy wrath
 b - a +5 whip of pain (weapon)
 h - the +8 morningstar of Daucealoil {protect, Stlth+}
   (You found it in a Gauntlet)

   It grants its wielder temporary protection when it strikes (+7 to AC).
   It makes you more stealthy.
 w - a +0 mace of holy wrath
 y - a +0 morningstar of holy wrath
 D - a +0 mace of draining
 E - the +9 quarterstaff of Eternal Night {freeze, Str+2, unknown}
   (You found it on level 6 of the Lair of Beasts)

   It has been specially enchanted to freeze those struck by it, causing extra
   injury to most foes and up to half again as much damage against particularly
   susceptible opponents.
   It can also slow down cold-blooded creatures.
   It affects your strength (+2).
 W - a +0 hand axe of flaming
Missiles
 d - 22 javelins
 U - 12 curare-tipped darts (quivered)
 X - a throwing net
Armour
 g - a +2 leather armour of poison resistance (melded)
 m - a +2 helmet (melded)
 x - a +2 robe of magic resistance
 A - a +2 buckler of reflection
 H - a +2 cloak (melded)
 K - the -1 pair of gloves of Motoaps (melded) {rElec Slay+5}
   (You bought it in a shop on level 4 of the Dungeon)

   It affects your accuracy and damage with ranged weapons and melee attacks
   (+5).
   It insulates you from electricity.
 Q - a +0 shield (worn)
 S - the +1 leather armour of Irpheti {+Inv rC++ Regen+ Stlth-}
   (You bought it in a shop on level 10 of the Dungeon)

   It greatly protects you from cold.
   It lets you turn invisible.
   It increases your rate of regeneration.
   It makes you less stealthy.
Jewellery
 e - an uncursed amulet of the acrobat
 l - an uncursed ring of positive energy
 s - the amulet "Rivir" (around neck) {Spirit Str+4 Stlth+}
   (You found it in an ice cave)

   [amulet of guardian spirit]

   It causes incoming damage to be split between your health and magic.
   It affects your strength (+4).
   It makes you more stealthy.
 v - a +4 ring of evasion (left branch)
 O - an uncursed ring of flight
 R - an uncursed ring of resist corrosion
 Z - the ring "Kyrior" (right branch) {Wiz +Blink Int+3 Slay+2}
   (You found it in a Gauntlet)

   [ring of wizardry]

   It improves your spell success rate.
   It affects your intelligence (+3).
   It affects your accuracy and damage with ranged weapons and melee attacks
   (+2).
   It lets you blink.
Wands
 i - a wand of digging (9)
 r - a wand of flame (28)
 I - a wand of polymorph (1)
Scrolls
 p - 12 scrolls of teleportation
 t - 5 scrolls of immolation
 z - 5 scrolls of remove curse
 B - 4 scrolls of fog
 F - 5 scrolls of enchant armour
 J - 2 scrolls of amnesia
 P - 2 scrolls of vulnerability
 V - a scroll of magic mapping
Potions
 f - a potion of curing {@qc}
 j - 2 potions of cancellation
 k - 4 potions of flight
 n - 5 potions of haste
 o - 6 potions of brilliance
 u - 2 potions of agility
 C - a potion of lignification
 Y - 2 potions of mutation
Miscellaneous
 q - a crystal ball of energy
 T - a crystal ball of energy
Comestibles
 c - 25 rations


   Skills:
 + Level 13.1 Fighting
 + Level 11.5 Maces & Flails
 - Level 1.4 Dodging
 - Level 1.1 Stealth
 + Level 6.0 Shields
 + Level 7.3 Spellcasting
 + Level 12.6 Conjurations
 * Level 10.3 Necromancy
 + Level 2.8 Fire Magic


You had 8 spell levels left.
You knew the following spells:

 Your Spells              Type           Power        Failure   Level  Hunger
a - Magic Dart            Conj           ####         1%          1    None
b - Searing Ray           Conj           ######       1%          2    None
c - Iskenderun's Mystic   Conj           ######..     1%          4    ###....
d - Pain                  Necr           ####         1%          1    None
f - Animate Skeleton      Necr           N/A          1%          1    None
g - Regeneration          Chrm/Necr      ####......   1%          3    None
h - Beastly Appendage     Tmut           #.....       6%          1    None
i - Fireball              Conj/Fire      #####.....   6%          5    #####..
j - Blink                 Tloc           N/A          9%          2    None

Your spell library contained the following spells:

 Spells                   Type           Power        Failure   Level  Hunger
 Corpse Rot               Necr           N/A          1%          2    None
 Sublimation of Blood     Necr           ######....   1%          2    None
 Throw Flame              Conj/Fire      #####.       1%          2    None
 Throw Frost              Conj/Ice       #####.       1%          2    None
 Conjure Flame            Conj/Fire      #####...     1%          3    None
 Dazzling Spray           Conj/Hex       #####.       1%          3    None
 Stone Arrow              Conj/Erth      #####.       1%          3    None
 Vampiric Draining        Necr           ######....   1%          3    None
 Animate Dead             Necr           N/A          1%          4    ###....
 Bolt of Draining         Conj/Necr      ######....   1%          5    #####..
 Mephitic Cloud           Conj/Pois/Air  ####....     2%          3    None
 Sticky Flame             Conj/Fire      #####...     2%          4    ###....
 Agony                    Necr           ######..     2%          5    #####..
 Dispel Undead            Necr           ######..     2%          5    #####..
 Force Lance              Conj/Tloc      #####...     4%          4    ###....
 Fulminant Prism          Conj/Hex       #####.....   4%          4    ###....
 Throw Icicle             Conj/Ice       #####...     4%          4    ###....
 Apportation              Tloc           #.....       6%          1    None
 Confusing Touch          Hex            #.....       6%          1    None
 Freeze                   Ice            #...         6%          1    None
 Sandblast                Erth           #.....       6%          1    None
 Summon Small Mammal      Summ           #...         6%          1    None
 Call Imp                 Summ           #.......     9%          2    None
 Passwall                 Tmut/Erth      #.......     9%          2    None
 Shroud of Golubria       Chrm/Tloc      #.....       9%          2    None
 Slow                     Hex            #.......     9%          2    None
 Sticks to Snakes         Tmut           #.......     9%          2    None
 Ignite Poison            Fire/Tmut/Pois ##......     11%         3    None
 Iskenderun's Battlesphe  Conj/Chrm      #####...     12%         5    #####..
 Venom Bolt               Conj/Pois      #####.....   12%         5    #####..
 Gell's Gravitas          Tloc           #.........   16%         3    None
 Lesser Beckoning         Tloc           #.........   16%         3    None
 Ozocubu's Armour         Chrm/Ice       #.......     16%         3    None
 Portal Projectile        Hex/Tloc       #.....       16%         3    None
 Spider Form              Tmut/Pois      #.........   16%         3    None
 Teleport Other           Tloc           #.......     16%         3    None
 Bolt of Magma            Conj/Fire/Erth ####......   17%         5    #####..
 Excruciating Wounds      Chrm/Necr      ####......   17%         5    #####..
 Orb of Destruction       Conj           ######....   24%         7    #######
 Ice Form                 Ice/Tmut       #.......     45%         4    ###....
 Passage of Golubria      Tloc           N/A          45%         4    ###....
 Petrify                  Tmut/Erth      #.......     45%         4    ###....
 Summon Ice Beast         Ice/Summ       #.......     45%         4    ###....
 Iron Shot                Conj/Erth      #####.....   50%         6    ######.
 Blade Hands              Tmut           #.........   80%         5    #####..
 Lee's Rapid Deconstruct  Erth           #.........   80%         5    #####..
 Spellforged Servitor     Conj/Summ      #####.....   96%         7    #######
 Haunt                    Necr/Summ      ####......   99%         7    #######
 Borgnjor's Revivificati  Necr           ######....   99%         8    #######
 Infestation              Necr           ######....   99%         8    #######
 Dispersal                Tloc           #.........   100%        6    ######.
 Controlled Blink         Tloc           N/A          100%        8    #######
 Death's Door             Chrm/Necr      ####......   100%        8    #######
 Disjunction              Tloc           #.........   100%        8    #######
 Necromutation            Tmut/Necr      ####......   100%        8    #######


Dungeon Overview and Level Annotations

Branches:
Dungeon (13/15)            Temple (1/1) D:7            Lair (6/6) D:9
 Shoals (0/4) Lair:4        Snake (1/4) Lair:4        Slime (0/5) Lair:5
    Orc (2/2) D:12            Elf (1/3) Orc:2        Vaults (0/5) D:13
  IceCv (visited)         Gauntlet (visited)

Altars:
Ashenzari
Cheibriados
Dithmenos
Elyvilon
Fedhas
Gozag
Hepliaklqana
Kikubaaqudgha
Makhleb
Nemelex Xobeh
Okawaru
Qazlal
Ru
Sif Muna
Trog
Uskayaw
Vehumet
Wu Jian
Xom
Yredelemnul
Zin
The Shining One
Jiyva

Shops:
D:4 [   D:6 !   D:10 [!![   D:13 ?   Orc:2 (?*

Annotations:
D:4 exclusion: downstairs
D:10 exclusion: downstairs
D:11 exclusion: downstairs
D:12 exclusion: downstairs
D:13 2 exclusions
Lair:5 1 runed translucent door, exclusion: 2 downstairs, Tyib's ghost, journeyman MiFi
Snake:1 Aizul


Innate Abilities, Weirdness & Mutations

((You have hooves in place of feet.))
((Armour fits poorly on your strangely shaped body.))
((You cover ground very quickly.))
((You have extremely tough skin. (AC +3)))
((Your skin changes colour to match your surroundings (Stealth+).))
You have supernaturally acute eyesight. (SInv)
((You can translocate small distances at will.))
Your mind is acute. (Int +2)


Message History

The anaconda constricts you.
You hit the anaconda.
The anaconda writhes in agony!
The anaconda is moderately wounded.
The anaconda bites you but does no damage.
* * * LOW HITPOINT WARNING * * *
The anaconda constricts you.
You hit the anaconda.
The anaconda writhes in agony.
The anaconda is moderately wounded.
The anaconda bites you!
* * * LOW MAGIC WARNING * * *;
* * * LOW HITPOINT WARNING * * *
The anaconda constricts you.
You whack the anaconda!
The anaconda writhes in agony!
The anaconda is heavily wounded.
The anaconda bites you but does no damage.
The anaconda constricts you.
You hit the anaconda but do no damage.
The anaconda is heavily wounded.
The anaconda bites you!
* * * LOW MAGIC WARNING * * *;
* * * LOW HITPOINT WARNING * * *
You die...

#..###+..#######...........##...#
.##......###.....##......###....#
#.#.....#.#.####..#........#..##.
..................+..>....#...###
......8.#.'...8............#.##
........#.#...............####
#...#...#.#.#.#...#....#.##
..##.....###....S##...#..##
##.##.+#########♣##.####..#
#.#.#...#.# ########.###
.#.......## #...# ...#8.<.8#
##..## ...#.....#### #..#.####
......8.##..# #..####.###
....#..##..## ###..####.#.##
............# #............#
............## ##...........#


You could see an anaconda.

Vanquished Creatures
  Rupert (D:12)
  A minotaur (Gauntlet)
  A yaktaur captain (D:13)
  A great orb of eyes (Lair:2)
  3 ice dragons
  An ogre mage (Orc:1)
  6 hydras
  9 two-headed ogres
  2 centaur warriors (D:13)
  4 death yaks
  A satyr (D:13)
  A tengu warrior (D:13)
  An orc high priest (Orc:2)
  Nergalle (Lair:2)
  Sonja (Orc:1)
  4 skeletal warriors (D:11)
  3 unseen horrors (D:12)
  A phantasmal warrior (D:12)
  Pikel (D:4)
  2 deep elf magi (D:13)
  2 wolf spiders (D:13)
  4 orc sorcerers (Orc:2)
  A manticore (D:12)
  A cyclops (D:11)
  A moth of wrath (Gauntlet)
  12 elephants
  4 black mambas
  A gargoyle (D:13)
  2 ice statues (IceCv)
  9 komodo dragons
  3 kobold demonologists (D:13)
  2 large abominations (Gauntlet)
  4 rime drakes
  8 spiny frogs
  An efreet (D:13)
  A yaktaur (D:13)
  2 ice devils (Lair:4)
  6 trolls
  3 meliai (D:13)
  3 polar bears
  Grinder (D:3)
  23 blink frogs
  A tyrant leech (D:13)
  5 hornets (Lair:6)
  4 small abominations (Gauntlet)
  A dream sheep (shapeshifter) (Gauntlet)
  16 dream sheep
  6 hippogriffs
  29 yaks
  2 shadows (D:13)
  4 wraiths (D:7)
  12 spriggans
  7 wyverns
  2 hogs (D:10)
  2 basilisks
  A human (D:11)
  2 hungry ghosts
  2 vampires
  Eustachio (D:5)
  4 vampire mosquitoes (D:13)
  A warg (Orc:1)
  Edmund (D:4)
  11 water moccasins
  An acid dragon (D:11)
  Duvessa (D:5)
  18 orc warriors
  16 ice beasts
  11 porcupines
  6 black bears
  An eye of draining (D:11)
  2 sky beasts
  A necrophage (D:10)
  18 ogres
  25 wolves
  4 boggarts (Lair:6)
  17 centaurs
  2 phantoms (D:12)
  9 crocodiles
  5 big kobolds
  20 bullfrogs
  A wyvern zombie (D:9)
  Dowan (D:5)
  A wyvern skeleton (D:11)
  4 scorpions
  6 killer bees (D:11)
  3 wights (D:10)
  An electric eel (Lair:5)
  6 howler monkeys
  A bullfrog zombie (D:11)
  4 crimson imps
  4 bullfrog skeletons
  26 orc wizards
  6 hounds
  2 jellies
  3 centaur zombies
  A gnoll shaman (D:4)
  20 orc priests
  An iron imp (D:5)
  A centaur skeleton (D:4)
  Jessica (D:2)
  Ijyb (D:5)
  6 iguanas
  10 worker ants
  A bullfrog simulacrum (D:13)
  2 hound zombies
  A hound skeleton (D:10)
  Robin (D:3)
  9 gnolls
  14 adders
  2 shadow imps
  3 oozes
  An adder skeleton (D:4)
  4 dart slugs
  5 leopard geckos
  64 orcs
  6 giant cockroaches
  10 goblins
  9 hobgoblins
  7 jackals
  26 kobolds
  4 quokkas
  2 ball pythons
  16 bats
  5 frilled lizards
  A goblin zombie (D:6)
  A quokka zombie (D:6)
  8 rats
  3 fungi
  2 plants (Lair:1)
727 creatures vanquished.

Vanquished Creatures (collateral kills)
  4 dream sheep (Lair:6)
  2 spriggans (Lair:6)
  3 orc warriors
  An ogre (Orc:1)
  An ice beast (IceCv)
  3 wolves
  3 orc wizards (Orc:2)
  8 orcs
25 creatures vanquished.

Vanquished Creatures (others)
  A yaktaur (D:13)
  A tengu conjurer (D:13)
  A hippogriff (Lair:4)
  A slave (D:5)
  2 centaurs
  An orc wizard (Orc:2)
  A worker ant (D:7)
  An adder (D:5)
  An orc (D:5)
  A hobgoblin (D:3)
  29 fungi
  18 plants
  4 toadstools (D:1)
62 creatures vanquished.

Grand Total: 814 creatures vanquished

Notes
Turn   | Place    | Note
-------+----------+-------------------------------------------
     0 | D:1      | Htamos the Centaur Conjurer began the quest for the Orb.
     0 | D:1      | Reached XP level 1. HP: 14/14 MP: 3/3
   370 | D:1      | Reached XP level 2. HP: 22/22 MP: 1/4
   875 | D:1      | Reached skill level 1 in Fighting
   991 | D:1      | Reached XP level 3. HP: 28/28 MP: 0/6
  1279 | D:1      | Learned a level 2 spell: Searing Ray
  1366 | D:2      | Noticed Jessica
  1370 | D:2      | Killed Jessica
  1371 | D:2      | Reached XP level 4. HP: 36/36 MP: 1/7
  2084 | D:2      | Reached skill level 2 in Fighting
  2829 | D:3      | Noticed Robin
  2926 | D:3      | Noticed Grinder
  2995 | D:3      | Paralysed by Grinder for 4 turns
  3258 | D:3      | Paralysed by Grinder for 2 turns
  3335 | D:3      | Paralysed by Grinder for 3 turns
  3346 | D:3      | Killed Grinder
  3346 | D:3      | Reached skill level 3 in Fighting
  3346 | D:3      | Reached XP level 5. HP: 41/45 MP: 1/9
  3346 | D:3      | Reached XP level 6. HP: 46/51 MP: 1/10
  3459 | D:3      | Reached skill level 5 in Conjurations
  3913 | D:3      | Killed Robin
  4657 | D:4      | Noticed Edmund
  4658 | D:4      | Noticed a sky beast
  4743 | D:4      | Killed a sky beast
  4946 | D:4      | Killed Edmund
  4946 | D:4      | Reached skill level 4 in Fighting
  4946 | D:4      | Reached XP level 7. HP: 40/59 MP: 0/12
  5358 | D:4      | Reached skill level 1 in Maces & Flails
  5966 | D:4      | Found a basalt altar of Yredelemnul.
  6051 | D:4      | Found a white marble altar of Elyvilon.
  6398 | D:4      | Reached XP level 8. HP: 67/67 MP: 8/14
  6652 | D:4      | Found Fowab's Antique Armour Shoppe.
  6692 | D:5      | Entered Level 5 of the Dungeon
  7133 | D:5      | Reached skill level 5 in Fighting
  7237 | D:5      | Noticed Pikel
  7372 | D:4      | Killed Pikel
  7546 | D:5      | Noticed Eustachio
  7561 | D:5      | Killed Eustachio
  7686 | D:5      | Noticed Duvessa
  7735 | D:5      | Noticed Dowan
  7745 | D:5      | Killed Duvessa
  7745 | D:5      | Reached skill level 6 in Fighting
  7758 | D:5      | Killed Dowan
  7758 | D:5      | Reached skill level 5 in Spellcasting
  7810 | D:5      | Reached XP level 9. HP: 75/75 MP: 10/16
  7939 | D:5      | Noticed Ijyb
  7971 | D:5      | Killed Ijyb
  8080 | D:5      | Found a shattered altar of Ashenzari.
  8209 | D:5      | Found a snail-covered altar of Cheibriados.
  8909 | D:6      | Found a blossoming altar of Fedhas.
  9597 | D:6      | Found Duruz's Distillery.
 10889 | D:7      | Noticed a four-headed hydra
 11147 | D:7      | Killed a four-headed hydra
 11147 | D:7      | Reached skill level 7 in Fighting
 11147 | D:7      | Reached skill level 5 in Maces & Flails
 11400 | D:7      | Found a staircase to the Ecumenical Temple.
 11410 | Temple   | Entered the Ecumenical Temple
 11483 | Temple   | Became a worshipper of Sif Muna the Loreminder
 12016 | D:4      | Bought a pair of slimy gloves for 266 gold pieces
 12016 | D:4      | Identified the cursed -1 pair of gloves of Motoaps {rElec
                  | Slay+5} (You bought it in a shop on level 4 of the Dungeon)
 12226 | D:7      | Found a hazy altar of Hepliaklqana.
 12231 | D:7      | Reached XP level 10. HP: 79/86 MP: 13/19
 12623 | D:7      | Found the +5 scythe "Finisher" {speed, eviscerate}
 12846 | D:7      | Got a twisted war axe
 12866 | D:7      | Identified a scroll of acquirement
 12866 | D:7      | Identified the Reference Book on Frigorific Heat (You
                  | acquired it on level 7 of the Dungeon)
 13034 | D:8      | Found a radiant altar of Vehumet.
 13182 | D:8      | Found a hide-covered altar of Uskayaw.
 13238 | D:8      | Found a shadowy altar of Dithmenos.
 13454 | D:8      | Reached * piety under Sif Muna
 14028 | D:9      | Found a glowing silver altar of Zin.
 14076 | D:9      | Got a fine robe
 14077 | D:9      | Identified the +1 robe of the Peasants {Stlth+} (You found
                  | it on level 9 of the Dungeon)
 14177 | D:9      | Reached skill level 8 in Fighting
 14305 | D:9      | Found a staircase to the Lair.
 14317 | D:9      | Reached skill level 1 in Shields
 14671 | D:9      | Noticed a two-headed ogre
 14774 | D:9      | Killed a two-headed ogre
 15271 | D:9      | Found a stormy altar of Qazlal.
 15579 | D:10     | Entered Level 10 of the Dungeon
 15623 | D:9      | Learned a level 4 spell: Iskenderun's Mystic Blast
 16404 | D:10     | Found Tott's Armour Shop.
 16639 | D:10     | Found Eloric's Distillery.
 16647 | D:10     | Bought a potion of agility for 48 gold pieces
 16647 | D:10     | Bought a potion of brilliance for 48 gold pieces
 16647 | D:10     | Bought a potion of degeneration for 12 gold pieces
 16673 | D:10     | Found Jiovoen's Antique Armour Boutique.
 16711 | D:10     | Reached ** piety under Sif Muna
 16782 | D:10     | Found Anuschewn's Distillery.
 17223 | D:11     | Reached XP level 11. HP: 77/95 MP: 20/20
 17721 | D:11     | Noticed a skeletal warrior
 17736 | D:11     | Htamos: ??glaive
 17736 | D:11     | beem: glaive[1/1]: (polearms; -3 acc / 15 dam / 1.7 base
                  | delay / 0.7 min delay; two handed). A pole with a large,
                  | heavy blade on one end. Glaives chop hydra heads.
 17830 | D:11     | Reached skill level 9 in Fighting
 19053 | D:11     | Reached *** piety under Sif Muna
 19060 | D:11     | Found a sacrificial altar of Ru.
 19072 | D:11     | Noticed a two-headed ogre
 19149 | D:11     | Killed a two-headed ogre
 19483 | D:11     | Noticed a skeletal warrior
 19484 | D:11     | Noticed a skeletal warrior
 19568 | D:11     | Htamos: ??morningstar
 19568 | D:11     | beem: morningstar[1/1]: (maces & flails; -2 acc / 13 dam /
                  | 1.5 base delay / 0.7 min delay). A mace with a head covered
                  | in short spikes.
 19569 | D:11     | Killed a skeletal warrior
 20056 | D:11     | Gained mutation: Your mind is acute. (Int +2) [potion of
                  | mutation]
 20056 | D:11     | Gained mutation: Your skin changes colour to match your
                  | surroundings (Stealth+). [potion of mutation]
 20056 | D:11     | Gained mutation: You have supernaturally acute eyesight.
                  | (SInv) [potion of mutation]
 20056 | D:11     | Gained mutation: You can translocate small distances at
                  | will. [potion of mutation]
 20143 | Lair:1   | Entered Level 1 of the Lair of Beasts
 20528 | Lair:1   | You fall into a shaft and drop 1 floor!
 20535 | Lair:2   | Noticed Nergalle
 20579 | Lair:2   | Killed Nergalle
 20655 | Lair:2   | Reached skill level 10 in Conjurations
 20702 | Lair:2   | Reached skill level 10 in Fighting
 20761 | Lair:2   | Noticed an eight-headed hydra
 20784 | Lair:2   | Noticed a great orb of eyes
 20784 | Lair:2   | an eight-headed hydra changed into a great orb of eyes
 20811 | Lair:2   | Killed a great orb of eyes
 21567 | Lair:2   | Reached XP level 12. HP: 78/106 MP: 8/21
 23108 | Lair:1   | Noticed a four-headed hydra
 23124 | Lair:1   | Killed a four-headed hydra
 23158 | Lair:1   | Learned a level 1 spell: Pain
 23162 | Lair:1   | Learned a level 3 spell: Vampiric Draining
 23350 | Lair:1   | Reached skill level 1 in Necromancy
 23705 | Lair:1   | Reached skill level 11 in Fighting
 23833 | Lair:1   | Noticed an eight-headed hydra
 23962 | Lair:1   | Killed an eight-headed hydra
 24158 | Lair:1   | Noticed an eight-headed hydra
 24588 | Lair:1   | Identified the cursed +1 war axe "Pauxotem" {venom, rN+
                  | Int-3 Dex+8} (You found it on level 7 of the Dungeon)
 24763 | Lair:3   | Reached **** piety under Sif Muna
 25034 | Lair:3   | Learned a level 1 spell: Animate Skeleton
 26160 | Lair:3   | Reached XP level 13. HP: 114/116 MP: 19/22
 26498 | Lair:4   | Reached skill level 5 in Necromancy
 26573 | Lair:4   | Found a staircase to the Shoals.
 26616 | Lair:4   | Found a frozen archway.
 26655 | IceCv    | Entered an ice cave
 26707 | IceCv    | Reached skill level 10 in Maces & Flails
 27277 | IceCv    | Got a slimy crystal amulet
 27418 | Lair:4   | Identified the amulet "Rivir" {Spirit Str+4 Stlth+} (You
                  | found it in an ice cave)
 28596 | Lair:4   | Found a staircase to the Snake Pit.
 29174 | Lair:5   | Found a staircase to the Slime Pits.
 29175 | Lair:5   | Found a viscous altar of Jiyva.
 29186 | Lair:5   | Found a gate leading to a gauntlet.
 29216 | Gauntlet | Entered a Gauntlet
 29216 | Gauntlet | Found a transporter.
 29223 | Gauntlet | Found a transporter.
 29225 | Gauntlet | Found a transporter.
 29230 | Gauntlet | Found a runed translucent door.
 29231 | Gauntlet | Found a runed translucent door.
 29234 | Gauntlet | Found a transporter.
 29236 | Gauntlet | Found a transporter.
 29249 | Gauntlet | Found a transporter.
 29262 | Gauntlet | Found a transporter.
 29272 | Gauntlet | Found a transporter.
 29283 | Gauntlet | Found a transporter.
 29297 | Gauntlet | Found a transporter.
 29310 | Gauntlet | Found a transporter.
 29310 | Gauntlet | Found a transporter.
 29366 | Gauntlet | Found a transporter.
 29369 | Gauntlet | Found a transporter.
 29746 | Gauntlet | Reached skill level 12 in Fighting
 29756 | Gauntlet | Reached ***** piety under Sif Muna
 29874 | Gauntlet | Got a steaming jade ring
 29888 | Gauntlet | Noticed a minotaur
 29904 | Gauntlet | Killed a minotaur
 30209 | Gauntlet | Got a brightly glowing morningstar
 30283 | Gauntlet | Identified the ring "Kyrior" {Wiz +Blink Int+3 Slay+2} (You
                  | found it in a Gauntlet)
 30286 | Gauntlet | Identified the +8 morningstar of Daucealoil {protect,
                  | Stlth+} (You found it in a Gauntlet)
 30344 | Lair:5   | Learned a level 3 spell: Regeneration
 30346 | Lair:5   | Learned a level 1 spell: Beastly Appendage
 30352 | Lair:5   | Learned a level 5 spell: Fireball
 30355 | Lair:5   | Learned a level 2 spell: Blink
 30626 | D:4      | Bought a shield for 126 gold pieces
 30779 | D:10     | Bought an encrusted leather armour for 196 gold pieces
 31110 | Lair:5   | Found a runed translucent door.
 31110 | Lair:5   | Found a shimmering altar of Xom.
 31110 | Lair:5   | Identified the +7 dire flail of Spring {chaos, rN+ Str+3}
 31110 | Lair:5   | Noticed Tyib's ghost (journeyman MiFi)
 31605 | Lair:6   | Entered Level 6 of the Lair of Beasts
 32160 | Lair:6   | Received a gift from Sif Muna
 32799 | Lair:5   | Reached XP level 14. HP: 92/126 MP: 19/23
 35027 | Lair:6   | Received a gift from Sif Muna
 35032 | Lair:6   | Reached skill level 5 in Shields
 35213 | Lair:6   | Got a polished quarterstaff
 35250 | Lair:6   | Identified the cursed +1 leather armour of Irpheti {+Inv
                  | rC++ Regen+ Stlth-} (You bought it in a shop on level 10 of
                  | the Dungeon)
 35735 | D:12     | Noticed Rupert
 35738 | D:12     | Paralysed by Rupert for 2 turns
 35743 | D:12     | Paralysed by Rupert for 3 turns
 36364 | D:12     | Found a staircase to the Orcish Mines.
 36576 | D:12     | Killed Rupert
 37628 | D:13     | Found Yka Raed's Magic Scroll Shoppe.
 37638 | D:13     | Bought a scroll of teleportation for 42 gold pieces
 37638 | D:13     | Bought a scroll of teleportation for 42 gold pieces
 37638 | D:13     | Bought a scroll of teleportation for 42 gold pieces
 37638 | D:13     | Bought 3 scrolls of teleportation for 126 gold pieces
 37638 | D:13     | Bought a scroll of teleportation for 42 gold pieces
 37669 | D:13     | Found a gate to the Vaults.
 37892 | D:13     | Reached skill level 1 in Fire Magic
 38209 | D:13     | Reached XP level 15. HP: 133/134 MP: 25/25
 38845 | D:13     | Noticed a sphinx
 38859 | D:13     | Noticed a fire giant
 38871 | D:13     | Noticed a fire giant
 39471 | Orc:1    | Entered Level 1 of the Orcish Mines
 39573 | Orc:1    | Received a gift from Sif Muna
 39767 | Orc:2    | Entered Level 2 of the Orcish Mines
 39794 | Orc:1    | Reached skill level 10 in Necromancy
 40113 | Orc:2    | Paralysed by an ogre mage for 3 turns
 40699 | Orc:1    | Noticed Sonja
 40724 | Orc:1    | Killed Sonja
 40941 | Orc:1    | Reached skill level 13 in Fighting
 41392 | Orc:2    | Found a staircase to the Elven Halls.
 41631 | Orc:2    | Found Lyanejic's Magic Scroll Boutique.
 41631 | Orc:2    | Found Hacygh's Antique Armour Shop.
 41637 | Orc:2    | Found Maigott's General Store.
 41637 | Orc:2    | Found Sewkesel's Weapon Shop.
 41639 | Orc:2    | Received a gift from Sif Muna
 42024 | Orc:2    | Bought a scroll of enchant weapon for 97 gold pieces
 42024 | Orc:2    | Bought a scroll of enchant armour for 97 gold pieces
 42056 | Elf:1    | Entered Level 1 of the Elven Halls
 42593 | Snake:1  | Entered Level 1 of the Snake Pit
 42633 | Snake:1  | Noticed Aizul
 42728 | Lair:4   | HP: 7/202 [anaconda (9)]
 42730 | Lair:4   | HP: 1/202 [anaconda (7)]
 42730 | Lair:4   | Slain by an anaconda

Levels and vault maps discovered:
D:1:      ldierk_water_garden, layout_basic
D:2:      layout_loops_ring, serial_co_window_serial, co_window_corner_a,
          co_window_of_opportunity_a, co_window_corner_a, co_window_corner_a,
          co_window_paths_a, co_window_paths_b, co_window_corner_a,
          co_window_corner_b, co_window_2corner, co_window_of_opportunity_b,
          co_window_of_opportunity_b, co_window_corner_b, co_window_4corner_b,
          co_window_4corner_a, glass_columns_a, glass_columns_a, uniq_jessica
D:3:      layout_loops_ring, first_ration, hangedman_decor_push,
          item_on_display_a, uniq_grinder, uniq_robin
D:4:      layout_basic, kennysheep_mini, lemuel_doored_altar, serial_shops,
          nicolae_shop_trees, minmay_bent, uniq_edmund
D:5:      layout_cave_pools, old_standard_altar, slow_altar_2,
          kennysheep_small_circle, uniq_duvessa, uniq_eustachio, uniq_ijyb,
          uniq_pikel
D:6:      layout_basic, fedhas_ov_isle_minmay, serial_shops,
          kennysheep_mini_moat, enter_ossuary_4
D:7:      minmay_angry_zag, layout_loops_ring, nicolae_overflow_crystal_walls,
          minmay_temple_entry_statues_fountains, minmay_misc_feat_columns,
          minmay_guarded_unrand_finisher
D:8:      layout_loops_corners, lemuel_round_altar, fiery_altar_vehumet,
          basic_altar
D:9:      layout_stronghold, minitemple, grunt_lair_entry_orc_guard_hut
D:10:     layout_irregular_city, serial_shops,
          nicolae_shop_temple_entry_statues_fountains, shop, shop,
          shop_fountains
D:11:     layout_basic, grunt_livestock, nicolae_ru_sacrificial_ziggurat
D:12:     layout_loops_ring, orc_0_dummy, hangedman_batty, uniq_rupert
D:13:     minmay_tile_spiral, layout_gridville, david_vaults_2, serial_shops,
          shop_statue, minivault_27
Temple:   nicolae_temple_x_marks_the_god
Lair:1:   wad_woods_settlement, layout_chaotic_city, serial_forest,
          infiniplex_forest_clump_long, infiniplex_forest_clump_tiny,
          infiniplex_forest_zigzag_1, infiniplex_forest_straight_4,
          infiniplex_forest_lined_4_way, infiniplex_forest_end_2,
          infiniplex_forest_straight_3
Lair:2:   layout_cave_shapes, uniq_nergalle
Lair:3:   layout_roguey
Lair:4:   layout_cave_pods, elwin_shoals_entry_rooms, dummy_snake_entry,
          portal_ice_cave_demonic_guard, lemuel_fruit_tree, grunt_megastairs_1
Lair:5:   layout_gridlike, slime_altar_1, ebering_ghost_xom,
          gauntlet_entry_generic, serial_bayou_shore_a
Lair:6:   minmay_lair_end_enchanted_forest, layout_concentric_octagons
Snake:1:  layout_concentric_octagons, grunt_megastairs_3, minmay_shop_grove,
          uniq_louise, uniq_aizul
Orc:1:    layout_diamond_mine, uniq_sonja
Orc:2:    st_orc_mages, layout_caves
Elf:1:    eino_elf_arrival_the_gate, layout_rooms, serial_shops,
          nicolae_shop_waterfront, hangedman_corner_corridor,
          minmay_misc_feat_ornament

Skill      XL: |  1  2  3  4  5  6  7  8  9 10 11 12 13 14 15 |
---------------+----------------------------------------------+-----
Spellcasting   | 2 3 4 5 6 7 |  7.3
Fighting       | 1 3 4 6 7 8 10 11 12 13 | 13.1
Conjurations   | 4 5 6 7 9 10 11 12 | 12.6
Maces & Flails | 1 3 5 6 8 9 10 11 | 11.5
Shields        | 2 4 5 6 |  6.0
Necromancy     | 4 7 9 10 | 10.3
Fire Magic     | 1 2 |  2.8
Dodging        | |  1.4
Stealth        | |  1.1

Action                   |  1- 3 |  4- 6 |  7- 9 | 10-12 | 13-15 || total
-------------------------+-------+-------+-------+-------+-------++-------
Melee: Unarmed           |     5 |       |     3 |       |       ||     8
       Dagger            |    14 |    30 |       |       |       ||    44
       Kick              |     4 |     6 |    47 |   216 |   313 ||   586
       Club              |       |    12 |       |       |       ||    12
       Flail             |       |       |    14 |    76 |   153 ||   243
       Whip              |       |       |   234 |   779 |  1015 ||  2028
       Mace              |       |       |       |       |     1 ||     1
       Morningstar       |       |       |       |       |     9 ||     9
       Hand axe          |       |       |       |       |     4 ||     4
Throw: Dart              |       |       |       |     8 |     6 ||    14
 Cast: Magic Dart        |    54 |   120 |   247 |   128 |   113 ||   662
       Searing Ray       |     1 |    13 |    21 |    24 |       ||    59
       Iskenderun's Myst |       |       |       |    25 |    74 ||    99
       Animate Skeleton  |       |       |       |       |    94 ||    94
       Regeneration      |       |       |       |       |     1 ||     1
 Abil: Blink             |       |       |       |       |     3 ||     3
Evoke: Wand              |       |       |     7 |    37 |    90 ||   134
       Sack of spiders   |       |       |       |       |     3 ||     3
       Box of beasts     |       |       |       |       |     1 ||     1
  Use: Scroll            |     1 |     3 |     8 |    10 |    21 ||    43
       Potion            |       |       |     2 |     9 |    14 ||    25
 Stab: Paralysed         |       |       |       |     9 |     3 ||    12
       Sleeping          |       |       |       |     7 |     6 ||    13
       Invisible         |       |       |       |       |     6 ||     6
       Distracted        |       |       |       |       |     3 ||     3
  Eat: Chunk             |     2 |     9 |    18 |    22 |    33 ||    84
       Ration            |       |     1 |       |     8 |     6 ||    15
Armor: Robe              |    10 |    17 |       |   137 |     2 ||   166
       Leather armour    |       |     6 |   122 |    48 |   241 ||   417
       Skin              |       |       |     8 |       |    20 ||    28
Dodge: Dodged            |    25 |    36 |   130 |   261 |   387 ||   839
Block: Buckler           |       |       |       |   100 |    60 ||   160
       Shield            |       |       |       |       |   254 ||   254

Table legend:
 A = Non-vault XP
 B = Vault XP
 C = Vault XP percentage of total XP
 D = Non-vault monster count
 E = Vault monster count
 F = Vault count percentage of total count
                 A         B        C        D         E       F
            +---------+---------+-------+---------+---------+-------
      Total |   82590 |   42811 |  34.1 |     545 |     204 |  27.2
            +---------+---------+-------+---------+---------+-------
        D:1 |      45 |       0 |   0.0 |      24 |       0 |   0.0
        D:2 |      65 |      39 |  37.5 |      17 |       2 |  10.5
        D:3 |      62 |     321 |  83.8 |      23 |      11 |  32.4
        D:4 |     694 |     917 |  56.9 |      26 |       9 |  25.7
        D:5 |     418 |     486 |  53.8 |      16 |       6 |  27.3
        D:6 |     797 |       2 |   0.3 |      15 |       2 |  11.8
        D:7 |     776 |    1909 |  71.1 |      26 |       8 |  23.5
        D:8 |     333 |       0 |   0.0 |       6 |       0 |   0.0
        D:9 |    2455 |    1020 |  29.4 |      25 |       6 |  19.4
       D:10 |    1348 |     619 |  31.5 |      25 |       3 |  10.7
       D:11 |    7776 |     395 |   4.8 |      46 |       2 |   4.2
       D:12 |    3564 |    5851 |  62.1 |      15 |      14 |  48.3
       D:13 |   10307 |    4774 |  31.7 |      41 |       9 |  18.0
     Lair:1 |    6328 |    1363 |  17.7 |      17 |       6 |  26.1
     Lair:2 |    7168 |     816 |  10.2 |      34 |       1 |   2.9
     Lair:3 |    6052 |       0 |   0.0 |      19 |       0 |   0.0
     Lair:4 |    5668 |    2375 |  29.5 |      27 |       9 |  25.0
     Lair:5 |    4571 |       0 |   0.0 |      18 |       0 |   0.0
     Lair:6 |   14998 |    7277 |  32.7 |      47 |      43 |  47.8
      Orc:1 |    8295 |     943 |  10.2 |      59 |       2 |   3.3
      Orc:2 |     870 |    4492 |  83.8 |      19 |      39 |  67.2
      IceCv |       0 |    5331 | 100.0 |       0 |      20 | 100.0
   Gauntlet |       0 |    3881 | 100.0 |       0 |      12 | 100.0
            +---------+---------+-------+---------+---------+-------
